 Dungeon Crawl Stone Soup version 0.26-a0-597-gb535b0901c (webtiles) character file.

Game seed: 16584955620588596508

17247 eolgani the Impaler (level 12, -3/89 HPs)
             Began as a Merfolk Gladiator on Sept 2, 2020.
             Was a Priest of Hepliaklqana.
             Slain by a phantasmal warrior (23 damage)
             ... led by a death knight
             ... on level 13 of the Dungeon.
             The game lasted 00:27:43 (15821 turns).

eolgani the Impaler (Merfolk Gladiator)            Turns: 15821, Time: 00:27:43

Health: -3/89      AC: 23    Str: 20    XL:     12   Next: 46%
Magic:  13/13      EV: 12    Int:  7    God:    Hepliaklqana [***...]
Gold:   224        SH:  0    Dex: 17    Spells: 11/11 levels left

rFire    . . .     SeeInvis .   a - +0 trident
rCold    + . .     Faith    .   (no shield)
rNeg     . . .     Spirit   .   P - +2 plate armour {rC+}
rPois    .         Reflect  .   c - +0 helmet
rElec    .         Harm     .   U - +1 cloak {MR+}
rCorr    .                      x - +0 pair of gloves
MR       .....                  (no boots)
Stlth    ..........             M - amulet of regeneration
HPRegen  0.64/turn              S - +4 ring of slaying
MPRegen  0.13/turn              H - +4 ring of evasion

@: vulnerable, slowed, very slow
A: change form in water, swift swim, stealthy swim, reduced essence, iridescent
scales 1, blink, strong 1
a: Blink, Recall Ancestor, Ancestor Identity, Transference, Renounce Religion


You were on level 13 of the Dungeon.
You worshipped Hepliaklqana.
Hepliaklqana was most pleased with you.
You visited 2 branches of the dungeon, and saw 14 of its levels.
You also visited: Sewer.

You collected 918 gold pieces.
You spent 694 gold pieces at shops.

Inventory:

Hand Weapons
 a - a +0 trident (weapon)
Missiles
 b - 7 silver javelins
 d - 2 throwing nets
 m - 6 boomerangs (quivered)
 R - 5 silver boomerangs
 Y - 4 poisoned darts
 Z - 9 curare-tipped darts
Armour
 c - a +0 helmet (worn)
 x - a +0 pair of gloves (worn)
 P - a +2 plate armour of cold resistance (worn)
 U - a +1 cloak of magic resistance (worn)
Jewellery
 n - an uncursed ring of protection from magic
 D - an uncursed ring of protection from cold
 H - a +4 ring of evasion (right hand)
 M - an amulet of regeneration (around neck)
 O - an uncursed ring of ice
 S - a +4 ring of slaying (left hand)
Wands
 w - a wand of enslavement (9)
 J - a wand of polymorph (17)
 K - a wand of disintegration (21)
 T - a wand of iceblast (6)
Scrolls
 h - 3 scrolls of remove curse
 i - 3 scrolls of enchant weapon {unknown}
 k - 8 scrolls of teleportation
 p - 6 scrolls of enchant armour {unknown}
 q - 3 scrolls of magic mapping {unknown}
 s - 3 scrolls of fog {unknown}
 y - a scroll of blinking {unknown}
 A - 2 scrolls of holy word {unknown}
 B - 2 scrolls of fear {unknown}
 C - a scroll of amnesia {unknown}
 E - 2 scrolls of noise {unknown}
 F - a scroll of vulnerability {unknown}
 G - a scroll of immolation {unknown}
 Q - a scroll of brand weapon {unknown}
Potions
 e - 3 potions of stabbing
 f - a potion of haste
 g - 3 potions of resistance
 o - 4 potions of curing
 t - 6 potions of lignification
 u - 6 potions of brilliance
 v - a potion of magic {unknown}
 z - a potion of berserk rage {unknown}
 I - a potion of invisibility {unknown}
 L - 2 potions of ambrosia {unknown}
 N - a potion of heal wounds {unknown}
 X - a potion of experience {unknown}
Miscellaneous
 V - a tin of tremorstones (3/3)
 W - a lightning rod (4/4)


   Skills:
 + Level 10.6 Fighting
 - Level 16.1 Polearms
 * Level 2.9 Throwing
 * Level 10.0 Armour
 - Level 4.0 Dodging
 * Level 1.5 Invocations
 + Level 0.6 Evocations


You had 11 spell levels left.
You didn't know any spells.
Your spell library contained the following spells:

 Spells                   Type           Power        Failure   Level
 Corona                   Hex            #......      100%        1
 Slow                     Hex            #.......     100%        2
 Inner Flame              Hex/Fire       #.......     100%        3
 Portal Projectile        Hex/Tloc       #.....       100%        3
 Cause Fear               Hex            #.........   100%        4
 Leda's Liquefaction      Hex/Erth       #.........   100%        4


Dungeon Overview and Level Annotations

Branches:
Dungeon (13/15)            Temple (1/1) D:6            Lair (0/6) D:11
    Orc (0/2) D:10          Sewer (visited)
 Vaults: D:13-14

Altars:
Ashenzari
Cheibriados
Dithmenos
Elyvilon
Fedhas
Gozag
Hepliaklqana
Kikubaaqudgha
Makhleb
Nemelex Xobeh
Okawaru
Qazlal
Ru
Sif Muna
Trog
Uskayaw
Vehumet
Wu Jian
Xom
Yredelemnul
Zin
The Shining One

Shops:
D:4 ![   D:5 =[:(   D:9 [   D:11 [

Annotations:
D:7 exclusion: downstairs


Innate Abilities, Weirdness & Mutations

You revert to your normal form in water.
You are very nimble and swift while swimming.
You are very stealthy in the water. (Stealth+)
Your life essence is reduced to manifest your ancestor. (-10% HP)
You are partially covered in iridescent scales. (AC +2)
You can translocate small distances at will.
Your muscles are strong. (Str +2)


Message History

The wraith hits you! The wraith drains your vigour!
You feel yourself slow down.
The phantasmal warrior closely misses you. x2
You closely miss the wraith.
The wraith is moderately damaged.
Cipactli casts a spell at the phantasmal warrior.
The phantasmal warrior resists with almost no effort.
The wraith hits you.
* * * LOW HITPOINT WARNING * * *
The phantasmal warrior closely misses you.
The phantasmal warrior misses you.
You barely miss the wraith.
The wraith is moderately damaged.
Cipactli barely misses the phantasmal warrior.
The wraith hits you!
* * * LOW HITPOINT WARNING * * *
The wraith drains your vigour!
You feel as though you will be slow longer.
The phantasmal warrior hits you!!
You die...

#............
#............
#............
#..........
#####.........
............#
........WWW.#
........R@..#
............#
............#
............#
########....#
#....# #....#
#....############+#
#..................


You could see the friendly Cipactli the hexer, 2 phantasmal warriors and a
wraith.

Vanquished Creatures
  Gastronok (D:12)
  Urug (D:11)
  Sonja (D:12)
  A manticore (D:12)
  A cyclops (D:12)
  Joseph (D:9)
  2 trolls (D:11)
  6 slime creatures
  2 hornets
  3 hippogriffs
  A wyvern (D:10)
  A wraith (D:11)
  Purgy (Sewer)
  A black bear (D:9)
  6 orc warriors
  5 sky beasts
  4 phantoms
  5 ice beasts
  5 ogres
  3 centaurs
  A crocodile (D:7)
  3 big kobolds
  3 bullfrogs
  A wyvern zombie (D:12)
  A water moccasin skeleton (D:7)
  3 scorpions
  9 wights
  3 howler monkeys
  9 centaur zombies
  2 bullfrog zombies
  2 bullfrog skeletons
  4 jellies
  2 quasits
  5 hounds
  9 orc priests
  5 orc wizards
  3 centaur skeletons
  4 iguanas
  15 worker ants
  2 hound zombies
  2 worker ant zombies
  4 gnolls
  A howler monkey skeleton (D:10)
  3 river rats (D:4)
  18 adders
  5 shadow imps
  2 ufetubi
  2 oozes (D:3)
  An adder zombie (D:6)
  A worm (D:3)
  4 leopard geckos
  54 orcs
  10 giant cockroaches
  5 goblins
  6 hobgoblins
  4 jackals
  13 kobolds
  10 quokkas
  2 ball pythons
  8 bats
  6 frilled lizards
  A leopard gecko skeleton (D:4)
  A quokka zombie (D:5)
  6 rats
306 creatures vanquished.

Vanquished Creatures (collateral kills)
  A hydra (D:11)
  An unseen horror (D:12)
  A deep elf mage (D:13)
  2 slime creatures
  2 hippogriffs (D:11)
  A wyvern (D:11)
  A steam dragon (D:9)
  An ice beast (D:11)
  A sky beast (D:10)
  An orc warrior (D:7)
  A necrophage (D:8)
  An ogre (D:8)
  A crocodile (D:10)
  A bullfrog (D:8)
  A worker ant (D:9)
  A hound skeleton (D:7)
  4 orcs (D:8)
  2 jackals (D:8)
  2 kobolds
  A quokka (D:9)
27 creatures vanquished.

Vanquished Creatures (others)
  An orc warrior (D:6)
  An orc wizard (D:6)
  2 hexers (D:12)
  A worker ant (D:6)
  8 ancestors
  An orc (D:6)
  A giant cockroach (D:6)
15 creatures vanquished.

Grand Total: 348 creatures vanquished

Notes
Turn   | Place    | Note
-------+----------+-------------------------------------------
     0 | D:1      | eolgani the Merfolk Gladiator began the quest for the Orb.
     0 | D:1      | Reached XP level 1. HP: 16/16 MP: 1/1
   257 | D:1      | Reached XP level 2. HP: 23/23 MP: 2/2
   272 | D:1      | Reached skill level 5 in Polearms
   544 | D:1      | Reached XP level 3. HP: 28/28 MP: 3/3
  1322 | D:3      | Reached skill level 1 in Armour
  1409 | D:3      | Reached XP level 4. HP: 34/34 MP: 4/4
  1413 | D:3      | Reached skill level 6 in Polearms
  2185 | D:3      | Reached XP level 5. HP: 19/41 MP: 5/5
  2983 | D:4      | Found a glowing drain.
  2987 | Sewer    | Entered a sewer
  3071 | Sewer    | Noticed Purgy
  3107 | Sewer    | Killed Purgy
  3107 | Sewer    | Reached skill level 7 in Polearms
  3107 | Sewer    | Reached XP level 6. HP: 47/47 MP: 6/6
  3568 | D:4      | Reached skill level 8 in Polearms
  4154 | D:4      | Reached XP level 7. HP: 47/53 MP: 7/7
  4778 | D:4      | Reached skill level 9 in Polearms
  4820 | D:4      | Found Folluwig's Distillery.
  4924 | D:5      | Entered Level 5 of the Dungeon
  5710 | D:5      | Reached XP level 8. HP: 41/61 MP: 8/8
  5813 | D:5      | Found Fel Yced's Antique Weapon Shoppe.
  6128 | D:5      | Found Vogaos's Armour Emporium.
  6571 | D:5      | Found Duklot's Book Boutique.
  6585 | D:5      | Found Ufufah's Jewellery Shoppe.
  6712 | D:5      | Reached skill level 10 in Polearms
  7184 | D:5      | Reached skill level 5 in Fighting
  7889 | D:6      | Reached skill level 5 in Armour
  8433 | D:6      | Found a staircase to the Ecumenical Temple.
  8470 | Temple   | Entered the Ecumenical Temple
  8694 | Temple   | Became a worshipper of Hepliaklqana the Forgotten
  8805 | D:6      | Found a shimmering altar of Xom.
  9020 | D:6      | Reached skill level 11 in Polearms
  9066 | D:6      | Reached XP level 9. HP: 61/61 MP: 9/9
  9324 | D:7      | Found a sacrificial altar of Ru.
  9634 | D:7      | Reached * piety under Hepliaklqana
 10014 | D:8      | Noticed a hornet
 10018 | D:8      | Reached skill level 12 in Polearms
 10027 | D:8      | Paralysed by a hornet for 1 turns
 10030 | D:8      | Killed a hornet
 10739 | D:8      | Reached XP level 10. HP: 61/69 MP: 10/10
 10764 | D:8      | Reached skill level 13 in Polearms
 10951 | D:5      | Bought a +2 plate armour of cold resistance for 480 gold
                  | pieces
 11807 | D:9      | Found Ogoaz's Armour Emporium.
 11827 | D:9      | Found a shadowy altar of Dithmenos.
 11924 | D:9      | Noticed Joseph
 11948 | D:9      | Killed Joseph
 12096 | D:9      | Reached skill level 14 in Polearms
 12466 | D:9      | Found an iron altar of Okawaru.
 12578 | D:9      | Bought a +1 cloak of magic resistance for 214 gold pieces
 12676 | D:10     | Entered Level 10 of the Dungeon
 12691 | D:10     | Reached XP level 11. HP: 77/77 MP: 11/11
 12999 | D:10     | Found a staircase to the Orcish Mines.
 13031 | D:10     | Reached ** piety under Hepliaklqana
 13032 | D:10     | Remembered your ancestor Cipactli as a hexer
 13401 | D:11     | Reached skill level 15 in Polearms
 13651 | D:11     | Noticed a seven-headed hydra
 13664 | D:11     | Killed a seven-headed hydra
 13759 | D:11     | Found a shadowy altar of Dithmenos.
 13859 | D:11     | Found Kobb's Armour Shoppe.
 14038 | D:11     | Found a staircase to the Lair.
 14049 | D:11     | Gained mutation: You are partially covered in iridescent
                  | scales. (AC +2) [potion of mutation]
 14049 | D:11     | Gained mutation: Your muscles are strong. (Str +2) [potion
                  | of mutation]
 14049 | D:11     | Gained mutation: You can translocate small distances at
                  | will. [potion of mutation]
 14444 | D:12     | Noticed Urug
 14445 | D:12     | Noticed a manticore
 14478 | D:11     | Killed Urug
 14570 | D:12     | Killed a manticore
 14667 | D:12     | Noticed Gastronok
 14686 | D:12     | Killed Gastronok
 14686 | D:12     | Reached skill level 10 in Fighting
 14686 | D:12     | Reached XP level 12. HP: 87/87 MP: 12/12
 14747 | D:12     | Reached skill level 16 in Polearms
 15297 | D:12     | Reached *** piety under Hepliaklqana
 15338 | D:12     | Noticed Sonja
 15343 | D:12     | Killed Sonja
 15552 | D:12     | Reached skill level 1 in Invocations
 15761 | D:13     | Reached skill level 10 in Armour
 15821 | D:13     | Slain by a phantasmal warrior

Illustrated notes

Levels and vault maps discovered:
D:1:      dpeg_arrival_radiant, layout_loops_ring, nrook_loot_triangle
D:2:      layout_rooms, kennysheep_minor_cross
D:3:      minmay_diamond_boxcup, layout_loops_ring
D:4:      layout_gridville, serial_shops, nicolae_shop_crystal,
          portal_sewer_entry_a
D:5:      layout_loops_cross, serial_shops, kennysheep_little_box, shop,
          nicolae_shop_statue_plus, shop
D:6:      layout_loops_ring, xom_confusion_cloud, minmay_temple_entry_junction,
          st_stairs_1
D:7:      layout_loops_ring, lemuel_doored_altar
D:8:      layout_rooms, special_room [special_room_orc]
D:9:      cheibrodos_helix_gallery, layout_basic, lemuel_coloured_pillars_altar,
          lemuel_round_altar, serial_shops, shop_fountains, uniq_joseph
D:10:     layout_rooms, hiddenorc1_lemuel
D:11:     layout_long_grid, lair_entry_dummy, serial_shops, shop_statue,
          basic_altar
D:12:     layout_loops_ring, uniq_urug, uniq_sonja, uniq_gastronok
D:13:     layout_irregular_city
Temple:   dpeg_five_rooms_temple

Skill      XL: |  1  2  3  4  5  6  7  8  9 10 11 12 |
---------------+-------------------------------------+-----
Polearms       | 5 6 7 8 9 11 12 14 15 16 | 16.1
Armour         | 1 2 3 5 6 8 9 10 | 10.0
Fighting       | 3 4 5 6 7 10 | 10.6
Invocations    | 1 |  1.5
Throwing       | |  2.9
Dodging        | |  4.0
Evocations     | |  0.6

Action                   |  1- 3 |  4- 6 |  7- 9 | 10-12 || total
-------------------------+-------+-------+-------+-------++-------
Melee: Trident           |   112 |   221 |   577 |   784 ||  1694
Throw: Dart              |       |       |       |     5 ||     5
       Throwing net      |       |       |       |     1 ||     1
       Boomerang         |       |       |       |     1 ||     1
Invok: Recall Ancestor   |       |       |     2 |       ||     2
       Ancestor Life: He |       |       |       |     1 ||     1
Evoke: Wand              |       |       |       |     6 ||     6
  Use: Scroll            |       |     8 |     3 |     4 ||    15
       Potion            |       |     2 |     2 |     2 ||     6
 Stab: Distracted        |       |       |     2 |     6 ||     8
       Held in net/web   |       |       |       |     1 ||     1
Armor: Leather armour    |     9 |       |       |       ||     9
       Scale mail        |    22 |    58 |    60 |       ||   140
       Skin              |       |    23 |       |       ||    23
       Chain mail        |       |       |    97 |     4 ||   101
       Plate armour      |       |       |       |   237 ||   237
Dodge: Dodged            |    61 |   106 |   224 |   214 ||   605

Table legend: (Time is in decaauts)
 A = Elapsed time spent in this place.
 B = Non-inter-level travel time spent in this place.
 C = Inter-level travel time spent in this place.
 D = Time resting spent in this place.
 E = Time spent auto-exploring this place.
 F = Levels seen in this place.
 G = Mean time per level.
                   A        B        C        D        E       F      G
               +--------+--------+--------+--------+--------+-----+--------+
         Total |  15341 |  14297 |   1044 |   4760 |   7037 |  15 | 1022.7 |
       Dungeon |  14799 |  13842 |    957 |   4659 |   6780 |  13 | 1138.4 |
        Temple |    276 |    189 |     87 |      0 |    188 |   1 |  276.0 |
         Sewer |    264 |    264 |      0 |    100 |     69 |   1 |  264.0 |
               +--------+--------+--------+--------+--------+-----+--------+

Top non-repeatable levels by time:
     D:4: 2225 daAuts
     D:5: 1993 daAuts
     D:3: 1721 daAuts
     D:7: 1319 daAuts
     D:6: 1313 daAuts
    D:12: 1229 daAuts
    D:11: 1008 daAuts
     D:8: 961 daAuts
     D:1: 919 daAuts
     D:9: 883 daAuts
    D:10: 659 daAuts
     D:2: 489 daAuts
  Temple: 276 daAuts
   Sewer: 264 daAuts
    D:13: 76 daAuts
